 Dungeon Crawl Stone Soup version 0.22.1-1-ga44c0e56f4 (webtiles) character file.

100476 Artagas the Bludgeoner (level 16, -8/146 HPs)
             Began as an Ogre Chaos Knight on Oct 18, 2018.
             Mangled by a wolf spider (24 damage)
             ... on level 4 of the Lair of Beasts.
             The game lasted 01:34:04 (25820 turns).

Artagas the Bludgeoner (Ogre Chaos Knight)         Turns: 25820, Time: 01:34:05

Health: -8/146     AC: 15    Str: 30      XL:     16   Next: 27%
Magic:  0/18       EV: 10    Int: 19      God:    Xom [...*..]
Gold:   960        SH:  0    Dex: 16 (17) Spells: 15/15 levels left

rFire    + . .     SeeInvis +   d - +8 great mace of Pyromania {crush, *Rage rN+++ Dex+5 Stlth-}
rCold    + . .     Gourm    .   (shield currently unavailable)
rNeg     + + +     Faith    .   Y - quicksilver dragon scales
rPois    .         Spirit   +   q - +3 crown of Dyrovepreva {rElec Int+2 SInv}
rElec    +         Reflect  .   r - scarf {Spirit}
rCorr    .         Harm     .   (gloves unavailable)
MR       ++...     Rnd*Rage +   (boots unavailable)
Stlth    ..........             j - amulet "Tyfuf" {Regen+ Int+4 Dex+4}
HPRegen  0.74/turn              s - +4 ring of evasion
MPRegen  0.16/turn              O - ring of protection from cold

@: mighty, about to teleport, held
A: large, unfitting armour, deterioration 1, fire resistance 1, frail 2, low mp
1, tough skin 1
a: Renounce Religion


You were on level 4 of the Lair of Beasts.
You worshipped Xom.
You were a favourite toy of Xom.
You were not hungry.

You visited 4 branches of the dungeon, and saw 24 of its levels.
You also visited: Sewer.

You collected 2811 gold pieces.
You spent 1851 gold pieces at shops.

Inventory:

Hand Weapons
 d - the +8 great mace of Pyromania (weapon) {crush, *Rage rN+++ Dex+5 Stlth-}
   (You found it on level 6 of the Dungeon)

   It inflicts extra damage upon your enemies.
   It affects your dexterity (+5).
   It renders you almost immune to negative energy.
   It may make you go berserk in combat.
   It makes you less stealthy.
 I - a +5 giant club
   (You found it on level 15 of the Dungeon)
Missiles
 a - 8 poisoned javelins
 N - 3 throwing nets
 S - 12 large rocks (quivered)
Armour
 q - the +3 crown of Dyrovepreva (worn) {rElec Int+2 SInv}
   (You bought it in a shop on level 2 of the Orcish Mines)

   It affects your intelligence (+2).
   It insulates you from electricity.
   It lets you see invisible.
 r - a scarf of spirit shield (worn)
   (You found it on level 15 of the Dungeon)
 L - a +1 cloak
   (You took it off Crazy Yiuf on level 7 of the Dungeon)
 Y - quicksilver dragon scales (worn)
   (You found it on level 3 of the Lair of Beasts)
Jewellery
 b - a +2 ring of slaying
   (You found it on level 10 of the Dungeon)
 e - an uncursed ring of flight
   (You found it on level 1 of the Dungeon)
 j - the amulet "Tyfuf" (around neck) {Regen+ Int+4 Dex+4}
   (You acquired it on level 14 of the Dungeon)

   [amulet of regeneration]

   It affects your intelligence (+4).
   It affects your dexterity (+4).
   It increases your rate of regeneration.
 s - a +4 ring of evasion (left hand)
   (You found it on level 14 of the Dungeon)
 D - a +5 amulet of reflection
   (You found it on level 6 of the Lair of Beasts)
 O - a ring of protection from cold (right hand)
   (You found it on level 3 of the Lair of Beasts)
 Q - an uncursed ring of see invisible
   (You found it on level 9 of the Dungeon)
Wands
 h - a wand of paralysis (43)
   (You found it on level 3 of the Dungeon)
 i - a wand of digging (10)
   (You bought it in a shop on level 6 of the Dungeon)
 p - a wand of random effects (164)
   (You took it off Edmund on level 4 of the Dungeon)
 y - a wand of iceblast (9)
   (You found it on level 11 of the Dungeon)
 M - a wand of disintegration (10)
   (You took it off a centaur on level 9 of the Dungeon)
 P - a wand of enslavement (15)
   (You found it on level 9 of the Dungeon)
 R - a wand of acid (7)
   (You found it on level 15 of the Dungeon)
 U - a wand of scattershot (7)
   (You found it on level 1 of the Lair of Beasts)
Scrolls
 g - 17 scrolls of remove curse
 u - 3 scrolls of fear
 w - a scroll of vulnerability {unknown}
 x - 3 scrolls of identify
 C - 3 scrolls of enchant weapon
 E - a scroll of immolation
 F - 8 scrolls of teleportation
 G - 3 scrolls of magic mapping
 J - a scroll of torment {unknown}
 K - 6 scrolls of enchant armour
 W - a scroll of silence {unknown}
 X - a scroll of brand weapon {unknown}
Potions
 f - 6 potions of invisibility
 k - 6 potions of lignification
 l - 3 potions of heal wounds
 m - 4 potions of cancellation
 n - 4 potions of mutation
 o - 2 potions of flight
 v - a potion of might
 z - 3 potions of magic
 A - a potion of agility
 H - 3 potions of curing
 V - a potion of haste
 Z - a potion of berserk rage
Miscellaneous
 B - a sack of spiders
 T - 3 boxes of beasts
Comestibles
 c - 32 rations
 t - 2 chunks of flesh


   Skills:
 + Level 17.4 Fighting
 + Level 17.4 Maces & Flails
 - Level 6.0 Throwing
 - Level 6.0 Armour
 - Level 10.0 Dodging
 - Level 6.0 Evocations


You had 15 spell levels left.
You didn't know any spells.
Your spell library contained the following spells:

 Spells                   Type           Power        Failure   Level  Hunger
 Confusing Touch          Hex            #.....       28%         1    ##.....
 Magic Dart               Conj           #...         28%         1    ##.....
 Sting                    Conj/Pois      #...         28%         1    ##.....
 Blink                    Tloc           N/A          38%         2    ###....
 Call Imp                 Summ           #.......     38%         2    ###....
 Poisonous Vapours        Pois/Air       #.....       38%         2    ###....
 Slow                     Hex            #.......     38%         2    ###....
 Confuse                  Hex            #.......     63%         3    ####...
 Conjure Flame            Conj/Fire      #.......     63%         3    ####...
 Gell's Gravitas          Tloc           #.........   63%         3    ####...
 Mephitic Cloud           Conj/Pois/Air  #.......     63%         3    ####...
 Ice Form                 Ice/Tmut       #.......     95%         4    #####..
 Olgreb's Toxic Radiance  Pois           #.......     95%         4    #####..
 Petrify                  Tmut/Erth      #.......     95%         4    #####..
 Metabolic Englaciation   Hex/Ice        #.........   100%        5    ######.
 Venom Bolt               Conj/Pois      #.........   100%        5    ######.
 Yara's Violent Unravell  Hex/Tmut       #.........   100%        5    ######.
 Bolt of Cold             Conj/Ice       #.........   100%        6    #######
 Freezing Cloud           Conj/Ice/Air   #.........   100%        6    #######
 Ozocubu's Refrigeration  Ice            #.........   100%        6    #######
 Simulacrum               Ice/Necr       #.........   100%        6    #######


Dungeon Overview and Level Annotations

Branches:
Dungeon (15/15)            Temple (0/1) D:4            Lair (6/6) D:10
  Swamp (0/4) Lair:3       Spider (1/4) Lair:4        Slime (0/5) Lair:5
    Orc (2/2) D:9             Elf (0/3) Orc:2        Vaults (0/5) D:13
 Depths (0/5) D:15

Altars:
Ashenzari
Kikubaaqudgha
Nemelex Xobeh
Ru
Sif Muna
Trog
Uskayaw
Xom
Zin
The Shining One
Beogh

Shops:
D:6 }   D:7 =   D:8 =*   Orc:2 }[(=*

Annotations:
D:3 2 transporters, Divine's ghost, amateur DsFi
Lair:6 1 runed door, Behigiv's ghost, journeyman GnSk
Orc:1 exclusion: downstairs


Innate Abilities, Weirdness & Mutations

You are too large for most types of armour.
You have tough skin. (AC +1)
Your body sometimes deteriorates upon taking damage.
Your flesh is heat resistant. (rF+)
You are very frail. (-20% HP)
Your magical capacity is low. (-10% MP)


Message History

You pick your way through the web.
You found a web! x2
There is a web here.
You see here a tarantella corpse.
You butcher the tarantella corpse.
t - 3 chunks of flesh
There is a web here.
You are caught in the web!
There is a web here.
You disentangle yourself.
There is a hole to the Spider Nest, spattered with blood here.
You start resting.
Eating one of 3 chunks of flesh.
You eat one of the 3 chunks of flesh.
This raw flesh tastes terrible.
HP restored.
You feel very mighty all of a sudden.
You climb downwards.
Welcome back to the Spider Nest!
This branch contains the gossamer rune of Zot.
The jumping spider completely misses you. x2
The wolf spider barely misses you. The wolf spider bites you.
You are poisoned.
The wolf spider poisons you!
You hear a loud "Zot"!
The moth of wrath barely misses you. The jumping spider pounces on you.
The jumping spider bites you but does no damage.
The wolf spider barely misses you. The wolf spider bites you.
You are more poisoned.
The wolf spider poisons you! The tarantella completely misses you.
The moth of wrath goads the wolf spider on!
The wolf spider goes berserk!
You hear a loud "Zot"!
The jumping spider misses you. The jumping spider barely misses you.
The wolf spider misses you. x2
There is a crawl-hole back to the Lair, spattered with blood here.
You feel very sick. The wolf spider hits you!!
The wolf spider bites you but does no damage.
The tarantella completely misses you. The tarantella closely misses you.
The jumping spider completely misses you.
The jumping spider misses you.
The wolf spider hits you but does no damage.
The wolf spider bites you but does no damage.
The moth of wrath goads the tarantella on!
The tarantella goes berserk!
Xom is amused.
The moth of wrath goads the tarantella on!
The tarantella goes berserk!
You climb upwards.
Welcome back to the Lair of Beasts!
You feel very sick.
There is a hole to the Spider Nest, spattered with blood here.
As you read the scroll of teleportation, it crumbles to dust.
You feel strangely unstable.
You feel very sick. The tarantella bites you. The tarantella bites you!
You are confused.
The wolf spider hits you. The wolf spider closely misses you.
The tarantella misses you.
The jumping spider completely misses you.
The jumping spider bites you but does no damage.
The tarantella closely misses you. The wolf spider barely misses you.
The wolf spider misses you.
The moth of wrath goads the jumping spider on!
The jumping spider goes berserk!
Xom thinks this is hilarious!
The tarantella bites you!
You are more confused.
The tarantella misses you. The jumping spider barely misses you.
The jumping spider completely misses you.
You feel better. The wolf spider hits you!!
You emit a cloud of colourful smoke!
The wolf spider bites you but does no damage.
The tarantella closely misses you. The tarantella barely misses you.
The jumping spider pounces on you but does no damage.
The jumping spider closely misses you. The wolf spider misses you.
The wolf spider barely misses you. The moth of wrath misses you.
The tarantella bites you!
You are confused.
The jumping spider closely misses you.
The jumping spider completely misses you.
The tarantella bites you.
You are more confused.
You're too confused!
Evoke which item? (* to show all) (? for menu, Esc to quit)
Okay, then.
You feel better. The wolf spider misses you.
The wolf spider bites you but does no damage.
The tarantella bites you! The tarantella closely misses you.
The jumping spider pounces on you but does no damage.
The jumping spider closely misses you. The wolf spider hits you!
* * * LOW HITPOINT WARNING * * *
The wolf spider bites you.
* * * LOW HITPOINT WARNING * * *
The moth of wrath barely misses you. The tarantella barely misses you.
The tarantella bites you!
* * * LOW HITPOINT WARNING * * *
The jumping spider pounces on you.
* * * LOW HITPOINT WARNING * * *
You are caught in a web!
The jumping spider bites you.
* * * LOW HITPOINT WARNING * * *
The wolf spider hits you!!
You die...
Xom roars with laughter!

PP#.#P.##.....#..........#
.P#.##..#.#.#...........##
.........................##
.#...<....................#
............#..(........###
##.......#..##^.........##
##.......#..##^...^###...#
.............#.ss^^^###.##
.....#P.##....#y@s^###..##
.........##....^§s##^.†..#
...........#.....##......#
..#.####.#.#^..........P##
#..#####...##^...........#
............#.##........P#
...P.##.##...##.........##
#.##...###..###.#P......#
..............[.........#


You could see a wolf spider (berserk), a moth of wrath, a jumping spider
(berserk) and 2 tarantellas.

Vanquished Creatures
  Rupert (Orc:2)
  2 tengu reavers (D:15)
  A sphinx (D:15)
  An iron dragon (D:15)
  An orc warlord (Orc:2)
  An entropy weaver (shapeshifter) (Lair:5)
  2 fire dragons
  2 yaktaur captains (D:15)
  8 hydras
  Harold (D:9)
  9 centaur warriors (D:15)
  A death knight (D:15)
  2 two-headed ogres
  2 death yaks
  An ogre mage (D:15)
  An orc high priest (Orc:2)
  An iron troll (Lair:5)
  A fire crab (Lair:6)
  A skeletal warrior (D:15)
  2 unseen horrors (D:15)
  A deep troll (D:13)
  A wizard (D:14)
  A deep elf archer (D:15)
  A harpy (shapeshifter) (Lair:5)
  3 orc knights (Orc:2)
  A phantasmal warrior (D:15)
  A lindwurm (D:13)
  3 orc sorcerers (Orc:2)
  3 manticores (D:15)
  14 ugly things
  A deep elf mage (D:15)
  5 cyclopes (D:15)
  5 elephants (Lair:6)
  5 black mambas
  3 centaur zombies
  A moth of wrath (shapeshifter) (D:15)
  A kobold demonologist (D:15)
  19 spiny frogs
  2 rime drakes (Lair:3)
  2 efreet (D:15)
  A yaktaur (D:15)
  8 komodo dragons
  A yaktaur (shapeshifter) (D:15)
  2 freezing wraiths (D:15)
  2 tengu conjurers
  A hornet (D:12)
  6 tyrant leeches
  A polar bear (Lair:3)
  12 trolls
  9 hippogriffs
  A hippogriff (shapeshifter) (D:13)
  4 slime creatures
  19 blink frogs
  4 dream sheep (Lair:5)
  6 shadows
  3 redbacks
  4 basilisks
  3 tarantellas (Lair:4)
  27 yaks
  4 wraiths
  7 fire bats
  7 wyverns
  9 vampire mosquitoes
  Edmund (D:4)
  4 hungry ghosts
  A soldier ant (D:13)
  A warg (Orc:1)
  An acid dragon (D:15)
  12 water moccasins
  8 porcupines
  A hell hound (D:14)
  A hornet zombie (D:15)
  23 orc warriors
  2 phantoms
  3 eyes of draining
  4 sky beasts
  3 necrophages
  3 ice beasts
  9 ogres
  19 centaurs
  15 wolves
  9 crocodiles
  2 big kobolds
  Blork the orc (Orc:2)
  32 bullfrogs
  A wyvern zombie (D:10)
  4 scorpions
  A water moccasin skeleton (D:10)
  24 killer bees
  6 wights
  A howler monkey (D:7)
  4 crimson imps
  4 quasits
  2 bullfrog zombies (D:13)
  3 jellies
  2 lava snakes (D:14)
  10 orc priests
  6 hounds
  Crazy Yiuf (D:7)
  9 centaur skeletons
  3 bullfrog skeletons
  16 orc wizards
  2 iguanas
  11 worker ants
  A hound skeleton (D:10)
  Robin (D:4)
  15 adders
  6 shadow imps
  2 adder zombies
  An adder skeleton (D:4)
  A dart slug (D:3)
  5 leopard geckos
  73 orcs
  5 bats
  6 giant cockroaches
  16 goblins
  9 hobgoblins
  16 jackals
  6 quokkas
  2 ball pythons
  3 frilled lizards
  19 kobolds
  A leopard gecko skeleton (D:5)
  A quokka zombie (D:6)
  7 rats
  3 fire vortices (D:14)
  3 fungi (D:10)
  3 plants (D:10)
725 creatures vanquished.

Vanquished Creatures (collateral kills)
  A troll (D:15)
  2 dream sheep (Lair:5)
  2 bullfrogs
  A bullfrog zombie (D:6)
  A fungus (D:10)
7 creatures vanquished.

Vanquished Creatures (others)
  A blink frog (Lair:6)
  An orc priest (Orc:2)
  A bush (Lair:6)
  23 fungi
  52 plants
78 creatures vanquished.

Grand Total: 810 creatures vanquished

Notes
Turn   | Place    | Note
-------+----------+-------------------------------------------
     0 | D:1      | Artagas the Ogre Chaos Knight began the quest for the Orb.
     0 | D:1      | Reached XP level 1. HP: 24/24 MP: 1/1
    67 | D:1      | Reached XP level 2. HP: 27/33 MP: 2/2
   112 | D:1      | Reached skill level 3 in Maces & Flails
   458 | D:1      | Reached XP level 3. HP: 39/41 MP: 3/3
   610 | D:1      | XOM: silly message
  1233 | D:2      | Reached skill level 5 in Fighting
  1372 | D:2      | XOM: harmless Pois miscast
  1493 | D:2      | XOM is BORED!
  1493 | D:2      | XOM: enchant monster (bad)
  1999 | D:3      | XOM: harmless Conj miscast
  2061 | D:3      | Reached XP level 4. HP: 44/50 MP: 4/4
  2108 | D:3      | Found a transporter.
  2117 | D:3      | Noticed Divine's ghost (amateur DsFi)
  2137 | D:3      | Found a transporter.
  2219 | D:3      | XOM: harmless Erth miscast
  2253 | D:3      | XOM: medium Air miscast
  2377 | D:3      | XOM: mild Necr miscast
  2438 | D:3      | XOM is BORED!
  2438 | D:3      | XOM: medium Conj miscast
  2494 | D:4      | XOM: potion effect (heal wounds)
  2513 | D:4      | Noticed Edmund
  2515 | D:4      | XOM: destruction
  2522 | D:4      | Killed Edmund
  2522 | D:4      | Reached skill level 6 in Fighting
  2522 | D:4      | Reached skill level 4 in Maces & Flails
  2522 | D:4      | Reached XP level 5. HP: 58/61 MP: 5/5
  2535 | D:4      | Noticed a phantom
  2563 | D:4      | XOM: confuse monster(s)
  2564 | D:4      | Killed a phantom
  2564 | D:4      | Reached skill level 7 in Fighting
  2564 | D:4      | Reached XP level 6. HP: 53/71 MP: 6/6
  2644 | D:4      | Noticed Robin
  2660 | D:4      | Killed Robin
  2734 | D:4      | Reached skill level 5 in Maces & Flails
  2752 | D:4      | Found an ancient bone altar of Kikubaaqudgha.
  2754 | D:4      | XOM: silly message
  2800 | D:4      | Found a bloodstained altar of Trog.
  2838 | D:4      | Found a staircase to the Ecumenical Temple.
  2847 | D:4      | XOM: noise
  3027 | D:4      | Found a glowing silver altar of Zin.
  3042 | D:4      | Found a hide-covered altar of Uskayaw.
  3052 | D:4      | XOM: 2-stop teleportation journey
  3091 | D:4      | Reached XP level 7. HP: 79/79 MP: 7/7
  3103 | D:4      | Found a glowing drain.
  3113 | Sewer    | Entered a sewer
  3179 | Sewer    | Noticed Purgy
  3179 | Sewer    | Noticed Purgy
  3179 | Sewer    | Purgy changed into Purgy the crocodile
  3179 | Sewer    | XOM: polymorph Purgy -> Purgy the crocodile
  3188 | Sewer    | Killed Purgy the crocodile
  3188 | Sewer    | Reached skill level 8 in Fighting
  3357 | D:4      | Found a shattered altar of Ashenzari.
  3421 | D:5      | Entered Level 5 of the Dungeon
  3424 | D:4      | XOM: summons 2 friendly demons
  3453 | D:5      | XOM is BORED!
  3453 | D:5      | XOM: mild Ice miscast
  3469 | D:5      | Found a glowing golden altar of the Shining One.
  3470 | D:5      | XOM: 2-stop teleportation journey
  3478 | D:5      | XOM: divination: detect creatures
  3719 | D:5      | XOM is BORED!
  3719 | D:5      | XOM: give mutations
  3719 | D:5      | Gained mutation: Your body sometimes deteriorates upon
                  | taking damage. [Xom's mischief]
  3719 | D:5      | Gained mutation: Your magical capacity is low. (-10% MP)
                  | [Xom's mischief]
  3803 | D:5      | Reached skill level 6 in Maces & Flails
  3931 | D:5      | XOM: destruction
  4045 | D:5      | Reached skill level 9 in Fighting
  4045 | D:5      | Reached XP level 8. HP: 50/89 MP: 7/7
  4270 | D:5      | XOM is BORED!
  4270 | D:5      | XOM: give mutations
  4270 | D:5      | Gained mutation: Your flesh is heat resistant. (rF+) [Xom's
                  | mischief]
  4270 | D:5      | Gained mutation: Your body often deteriorates upon taking
                  | damage. [Xom's mischief]
  4330 | D:6      | XOM: noise
  4335 | D:6      | XOM: summons 3 friendly demons
  4570 | D:6      | Reached skill level 10 in Fighting
  4570 | D:6      | Reached skill level 7 in Maces & Flails
  4573 | D:6      | XOM: harmless Ice miscast
  4816 | D:6      | Found a sacrificial altar of Ru.
  4835 | D:6      | XOM: mild Erth miscast
  4848 | D:6      | XOM: swap monsters
  4960 | D:6      | Found Akicioh's Gadget Shop.
  5037 | D:6      | XOM: confusion
  5040 | D:6      | XOM: draining
  5049 | D:6      | XOM: summons 3 hostile demons
  5050 | D:6      | Noticed a smoke demon
  5050 | D:6      | Noticed a smoke demon
  5238 | D:6      | XOM: 1-stop teleportation journey
  5269 | D:6      | Got an ichor-stained great mace
  5270 | D:6      | Identified the +8 great mace of Pyromania {crush, *Rage
                  | rN+++ Dex+5 Stlth-} (You found it on level 6 of the
                  | Dungeon)
  5295 | D:6      | Reached XP level 9. HP: 102/102 MP: 8/8
  5329 | D:6      | Reached skill level 11 in Fighting
  5650 | D:7      | Reached skill level 8 in Maces & Flails
  5730 | D:7      | Found a sparkling altar of Nemelex Xobeh.
  5740 | D:7      | XOM: enchant monster (good)
  5837 | D:7      | XOM: 2-stop teleportation journey
  5901 | D:7      | XOM: chaos cloud
  5905 | D:7      | Reached skill level 9 in Maces & Flails
  5945 | D:7      | XOM: mild Necr miscast
  6133 | D:7      | XOM: chaos cloud
  6169 | D:7      | Found Ubittokh's Jewellery Shop.
  6316 | D:7      | XOM: noise
  6532 | D:7      | XOM: enchant monster (good)
  6576 | D:7      | XOM: enchant monster (good)
  6579 | D:7      | Reached skill level 10 in Maces & Flails
  6592 | D:7      | Found a runed door.
  6702 | D:7      | Noticed Crazy Yiuf
  6704 | D:7      | Killed Crazy Yiuf
  6757 | D:8      | Found Ubristeump's Elemental Accessories.
  6969 | D:8      | Reached XP level 10. HP: 113/113 MP: 9/9
  7029 | D:8      | XOM: 2-stop teleportation journey
  7267 | D:8      | Found Nerompuh's Jewellery Shoppe.
  7527 | D:9      | Noticed Harold
  7558 | D:8      | Reached skill level 11 in Maces & Flails
  7721 | D:8      | XOM: god gift: 18 stones
  7731 | D:9      | XOM: confuse monster(s)
  8105 | D:9      | Killed Harold
  8235 | D:9      | Found a staircase to the Orcish Mines.
  8241 | D:9      | XOM: 1-stop teleportation journey
  8264 | D:9      | XOM: 7-stop teleportation journey
  8347 | D:10     | Entered Level 10 of the Dungeon
  8354 | D:10     | Reached skill level 12 in Maces & Flails
  8356 | D:10     | XOM: enchant monster (good)
  8360 | D:10     | XOM: god gift: 40 gold pieces
  8382 | D:10     | XOM: confuse monster(s)
  8448 | D:10     | Reached skill level 1 in Throwing
  8557 | D:10     | XOM: god gift: 20 stones
  8575 | D:10     | Reached skill level 1 in Evocations
  8624 | D:10     | Found a staircase to the Lair.
  8641 | D:10     | XOM: summons 9 friendly demons
  8771 | D:10     | Reached skill level 2 in Throwing
  8771 | D:10     | Reached skill level 3 in Dodging
  8774 | D:10     | Reached XP level 11. HP: 105/120 MP: 11/11
  8791 | D:10     | Reached skill level 2 in Evocations
  9114 | D:10     | Reached skill level 3 in Throwing
  9242 | D:10     | XOM: scenery: create altars
  9248 | D:10     | XOM: medium Tmut miscast
  9292 | D:10     | XOM: give mutation
  9292 | D:10     | Gained mutation: You are robust. (+10% HP) [Xom's mischief]
  9460 | Lair:1   | Entered Level 1 of the Lair of Beasts
  9534 | Lair:1   | XOM: fog
  9548 | Lair:1   | Reached skill level 4 in Dodging
  9624 | Lair:1   | XOM: summons friendly ufetubus
  9631 | Lair:1   | Reached skill level 3 in Evocations
  9729 | Lair:1   | XOM: divination: magic mapping
  9894 | Lair:1   | Reached skill level 4 in Throwing
  9927 | Lair:1   | XOM: mild Chrm miscast
 10278 | Lair:1   | XOM: mild Conj miscast
 10591 | Lair:2   | Reached skill level 5 in Dodging
 10591 | Lair:2   | Reached skill level 4 in Evocations
 10592 | Lair:2   | Reached skill level 13 in Maces & Flails
 10691 | Lair:2   | XOM: mild Tmut miscast
 10763 | Lair:2   | XOM: noise
 10826 | Lair:2   | Noticed a five-headed hydra
 10834 | Lair:2   | Killed a five-headed hydra
 10931 | Lair:2   | XOM: noise
 10940 | Lair:2   | XOM: confuse monster(s)
 10945 | Lair:2   | XOM: potion effect (might)
 10950 | Lair:2   | Reached XP level 12. HP: 141/143 MP: 12/13
 11017 | Lair:2   | You fall through a shaft!
 11024 | Lair:3   | Reached skill level 6 in Dodging
 11024 | Lair:3   | Reached skill level 5 in Evocations
 11412 | Lair:3   | XOM: potion effect (heal wounds)
 11511 | Lair:3   | Found a staircase to the Swamp.
 11760 | Lair:3   | XOM: harmless Hex miscast
 11800 | Lair:1   | XOM: scenery: 2 fountains blood, 1 doors open
 12331 | Lair:4   | Noticed an eight-headed hydra
 12334 | Lair:4   | Reached skill level 7 in Dodging
 12340 | Lair:3   | Reached skill level 6 in Evocations
 12387 | Lair:3   | XOM: mild Necr miscast
 12489 | Lair:4   | Found a hole to the Spider Nest.
 12544 | Lair:4   | XOM: cloud trail
 12554 | Lair:4   | Killed an eight-headed hydra
 12632 | Lair:4   | Reached skill level 14 in Maces & Flails
 12732 | Lair:4   | Reached skill level 8 in Dodging
 12744 | Lair:4   | XOM: confuse monster(s)
 12925 | Lair:3   | Reached XP level 13. HP: 85/149 MP: 15/15
 13221 | Lair:4   | XOM: god gift: 24 stones
 13338 | Lair:4   | XOM: divination: detect creatures
 13419 | Lair:5   | Found a staircase to the Slime Pits.
 13523 | Lair:5   | XOM: 1-stop teleportation journey
 13658 | Lair:5   | XOM: confusion
 13665 | Lair:5   | XOM: scenery: create altars
 13680 | Lair:5   | Noticed an entropy weaver
 13680 | Lair:5   | a death yak changed into an entropy weaver
 13680 | Lair:5   | XOM: polymorph death yak -> entropy weaver
 13684 | Lair:5   | XOM: noise
 13685 | Lair:5   | Killed an entropy weaver
 13710 | Lair:4   | Reached skill level 9 in Dodging
 14066 | Lair:5   | XOM: medium Conj miscast
 14208 | Lair:5   | XOM: polymorph death yak -> iron troll
 14249 | Lair:5   | XOM: stat loss: -1 Dex (11/13)
 14330 | Lair:5   | XOM: summons friendly crimson imp
 14332 | Lair:5   | XOM: polymorph crimson imp -> chaos spawn
 14334 | Lair:5   | XOM: enchant monster (good)
 14338 | Lair:5   | XOM: polymorph dream sheep -> yaktaur
 14365 | Lair:5   | XOM: cloud trail
 14504 | Lair:5   | XOM: god gift: 14 gold pieces
 14512 | Lair:5   | XOM: cloud trail
 14615 | Lair:5   | XOM: divination: detect creatures
 14819 | Lair:6   | Entered Level 6 of the Lair of Beasts
 14874 | Lair:6   | XOM: divination: detect items
 14883 | Lair:6   | XOM: noise
 14885 | Lair:6   | XOM: potion effect (heal wounds)
 14950 | Lair:6   | XOM: potion effect (heal wounds)
 14964 | Lair:6   | XOM: potion effect (invisibility)
 14975 | Lair:6   | XOM: harmless Necr miscast
 14989 | Lair:6   | Found a runed door.
 14992 | Lair:6   | Noticed Behigiv's ghost (journeyman GnSk)
 15048 | Lair:6   | XOM: harmless Tmut miscast
 15162 | Lair:6   | XOM: silly message
 15206 | Lair:6   | Reached skill level 15 in Maces & Flails
 15263 | Lair:6   | XOM: silly message
 15265 | Lair:6   | XOM: potion effect (haste)
 15296 | Lair:6   | Reached skill level 10 in Dodging
 15325 | Lair:6   | Reached skill level 12 in Fighting
 15579 | Lair:6   | XOM is BORED!
 15579 | Lair:6   | XOM: noise
 15665 | Lair:6   | XOM: mild Conj miscast
 15811 | Lair:6   | XOM: confusion (+ monsters)
 15867 | Lair:6   | Reached XP level 14. HP: 165/165 MP: 16/16
 15933 | Lair:6   | XOM: harmless Necr miscast
 15954 | Lair:6   | Reached skill level 13 in Fighting
 16153 | Lair:6   | XOM: divination: detect creatures
 16214 | Lair:6   | XOM: harmless Summ miscast
 16298 | Lair:6   | XOM: cast spell 'Summon Butterflies'
 16362 | Lair:6   | XOM: harmless Necr miscast
 16507 | Lair:6   | XOM is BORED!
 16507 | Lair:6   | XOM: mild Necr miscast
 16703 | D:10     | XOM: summons 4 hostile demons
 16995 | D:11     | XOM: 3-stop teleportation journey
 17313 | D:12     | XOM: medium Hex miscast
 17321 | D:12     | XOM: smoke on damage
 17404 | D:12     | XOM: mild Hex miscast
 17698 | D:12     | XOM: 3-stop teleportation journey
 17831 | D:12     | XOM: chaos cloud
 17846 | D:12     | XOM: mild Chrm miscast
 18261 | D:12     | XOM: give mutation
 18261 | D:12     | Lost mutation: You are robust. (+10% HP) [Xom's mischief]
 18335 | Orc:1    | Entered Level 1 of the Orcish Mines
 18517 | Orc:1    | Found a deep blue altar of Sif Muna.
 18684 | Orc:1    | XOM: summons 1 hostile demon
 18716 | Orc:2    | Entered Level 2 of the Orcish Mines
 18755 | Orc:2    | Reached skill level 14 in Fighting
 18802 | Orc:2    | Found Esioschoa's Gadget Shoppe.
 18813 | Orc:2    | Noticed Rupert
 18815 | Orc:2    | Paralysed by Rupert for 7 turns
 18821 | Orc:2    | XOM: chaos upgrade
 18828 | Orc:2    | XOM: blink monster(s)
 18952 | D:9      | XOM: give mutations
 18952 | D:9      | Lost mutation: Your body often deteriorates upon taking
                  | damage. [Xom's mischief]
 18952 | D:9      | Gained mutation: You are frail. (-10% HP) [Xom's mischief]
 18952 | D:9      | Gained mutation: You are very frail. (-20% HP) [Xom's
                  | mischief]
 18996 | D:11     | XOM: medium Tloc miscast
 19037 | D:13     | XOM: summons friendly shadow imp
 19127 | D:13     | XOM: noise
 19198 | D:13     | XOM: 6-stop teleportation journey
 19221 | D:13     | XOM: 2-stop teleportation journey
 19360 | D:13     | XOM: enchant monster (bad)
 19669 | D:13     | XOM: harmless Air miscast
 19720 | D:13     | Found a gate to the Vaults.
 19827 | D:13     | XOM: harmless Tloc miscast
 19945 | D:14     | XOM: harmless Conj miscast
 20098 | D:14     | Reached skill level 1 in Armour
 20119 | D:14     | XOM: mild Pois miscast
 20178 | D:14     | Reached skill level 16 in Maces & Flails
 20316 | D:14     | XOM: noise
 20365 | D:14     | XOM: polymorph red ugly thing -> tyrant leech
 20372 | D:14     | XOM: polymorph red ugly thing -> fire dragon
 20373 | D:14     | Reached skill level 2 in Armour
 20386 | D:14     | Reached skill level 5 in Throwing
 20614 | D:14     | XOM: cast spell 'Cause Fear'
 20617 | D:14     | XOM: mild Pois miscast
 20618 | D:14     | XOM: mild Tloc miscast
 20627 | D:14     | XOM: divination: detect items
 20633 | D:14     | XOM: potion effect (curing)
 20635 | D:14     | XOM: harmless Ice miscast
 20911 | D:14     | XOM: harmless Chrm miscast
 21196 | D:14     | Identified a scroll of acquirement
 21198 | D:14     | Got a scintillating platinum amulet
 21199 | D:14     | Identified the amulet "Tyfuf" {Regen+ Int+4 Dex+4} (You
                  | acquired it on level 14 of the Dungeon)
 21253 | D:14     | XOM: potion effect (brilliance)
 21259 | D:14     | Reached skill level 3 in Armour
 21261 | D:14     | XOM: divination: detect items
 21550 | D:6      | Bought a wand of digging (12) for 384 gold pieces
 21736 | Orc:1    | XOM: divination: detect items
 21790 | Orc:1    | XOM: silly message
 21864 | Orc:2    | XOM: potion effect (agility)
 21867 | Orc:2    | Killed Rupert
 21867 | Orc:2    | Reached skill level 15 in Fighting
 21867 | Orc:2    | Reached XP level 15. HP: 133/133 MP: 17/17
 21962 | Orc:2    | Found a staircase to the Elven Halls.
 22045 | Orc:2    | XOM: harmless Erth miscast
 22260 | Orc:2    | Reached skill level 6 in Throwing
 22516 | Orc:2    | XOM: silly message
 22544 | Orc:2    | XOM: medium Chrm miscast
 22696 | Orc:2    | Noticed Blork the orc
 22702 | Orc:2    | Killed Blork the orc
 22731 | Orc:2    | XOM: summons 7 hostile demons
 22789 | Orc:2    | XOM is BORED!
 22789 | Orc:2    | XOM: summons 1 hostile shadow creature
 22825 | Orc:2    | Noticed an orc warlord
 22841 | Orc:2    | XOM: swap monsters
 22845 | Orc:2    | XOM: swap monsters
 22852 | Orc:2    | XOM: confusion (+ monsters)
 22866 | Orc:2    | Killed an orc warlord
 22866 | Orc:2    | Reached skill level 4 in Armour
 23002 | Orc:2    | XOM: harmless Ice miscast
 23027 | Orc:2    | Found a roughly hewn altar of Beogh.
 23061 | Orc:2    | Found Vukhliogi's General Store.
 23071 | Orc:2    | Bought a potion of curing for 36 gold pieces
 23071 | Orc:2    | Bought a scroll of identify for 24 gold pieces
 23137 | Orc:2    | Found Deoneg's Jewellery Emporium.
 23152 | Orc:2    | Found Wock's Antique Armour Emporium.
 23168 | Orc:2    | Found Koank's Antique Weapon Emporium.
 23216 | Orc:2    | Bought the +3 crown of Dyrovepreva {rElec Int+2 SInv} for
                  | 1407 gold pieces
 23216 | Orc:2    | Found the +3 crown of Dyrovepreva {rElec Int+2 SInv}
 23489 | D:12     | XOM: divination: detect items
 23532 | D:15     | Entered Level 15 of the Dungeon
 23707 | D:15     | XOM: summons 6 friendly demons
 23812 | D:15     | Found a deep blue altar of Sif Muna.
 23813 | D:15     | Found a sacrificial altar of Ru.
 23813 | D:15     | Found a shimmering altar of Xom.
 24028 | D:15     | Found a staircase to the Depths.
 24028 | D:15     | XOM: 2-stop teleportation journey
 24041 | D:15     | Reached skill level 5 in Armour
 24234 | D:15     | XOM: silly message
 24290 | D:15     | Reached skill level 16 in Fighting
 24341 | D:15     | Noticed a tengu reaver
 24352 | D:15     | XOM: confuse monster(s)
 24355 | D:15     | Killed a tengu reaver
 24405 | D:15     | Noticed a sphinx
 24421 | D:15     | XOM: enchant monster (bad)
 24423 | D:15     | Killed a sphinx
 24521 | D:15     | Reached skill level 6 in Armour
 24528 | D:15     | XOM: polymorph unseen horror -> spiny frog
 24566 | D:15     | Reached skill level 17 in Maces & Flails
 24566 | D:15     | XOM: mild Summ miscast
 24638 | D:15     | XOM: noise
 24645 | D:15     | XOM: harmless Tmut miscast
 24663 | D:15     | XOM: harmless Chrm miscast
 24747 | D:15     | XOM: harmless Fire miscast
 24878 | D:15     | Noticed an iron dragon
 24882 | D:15     | XOM: confuse monster(s)
 24889 | D:15     | XOM: blink monster(s)
 24890 | D:15     | XOM: enchant monster (good)
 24891 | D:15     | XOM: smoke on damage
 24892 | D:15     | Killed an iron dragon
 24892 | D:15     | Reached XP level 16. HP: 110/144 MP: 18/18
 25120 | D:15     | XOM: medium Fire miscast
 25127 | D:15     | XOM: cast spell 'Alistair's Intoxication'
 25136 | D:15     | XOM: summons friendly quasit
 25232 | D:15     | Reached skill level 17 in Fighting
 25296 | D:15     | XOM: harmless Tmut miscast
 25369 | D:15     | XOM: harmless Necr miscast
 25384 | D:15     | Noticed a tengu reaver
 25394 | D:15     | Killed a tengu reaver
 25394 | D:15     | XOM: potion effect (haste)
 25517 | D:15     | XOM: summons 4 hostile demons
 25759 | Spider:1 | Entered Level 1 of the Spider Nest
 25763 | Spider:1 | XOM: scenery: create altars
 25819 | Lair:4   | XOM: smoke on damage
 25820 | Lair:4   | HP: 21/146 [tarantella (13)]
 25820 | Lair:4   | Mangled by a wolf spider

Skill      XL: |  1  2  3  4  5  6  7  8  9 10 11 12 13 14 15 16 |
---------------+-------------------------------------------------+-----
Maces & Flails | 3 4 5 6 7 10 12 13 14 15 16 17 | 17.4
Fighting       | 5 6 7 9 10 11 12 15 16 17 | 17.4
Throwing       | 2 4 5 6 |  6.0
Evocations     | 1 4 6 |  6.0
Dodging        | 3 5 8 10 | 10.0
Armour         | 3 6 |  6.0

Action                   |  1- 3 |  4- 6 |  7- 9 | 10-12 | 13-15 | 16-18 || total
-------------------------+-------+-------+-------+-------+-------+-------++-------
Melee: Mace              |    36 |       |       |       |       |       ||    36
       Whip              |   113 |    35 |       |       |       |       ||   148
       Dire flail        |       |    65 |   122 |       |       |       ||   187
       Great mace        |       |       |   112 |   432 |   974 |    93 ||  1611
Throw: Tomahawk          |       |       |     8 |    21 |       |       ||    29
       Javelin           |       |       |       |     3 |    23 |       ||    26
       Large rock        |       |       |       |       |     5 |     2 ||     7
Evoke: Wand              |       |     2 |     7 |     7 |    13 |       ||    29
       Box of beasts     |       |       |       |       |     1 |       ||     1
  Use: Scroll            |     3 |     5 |     5 |    13 |     8 |     1 ||    35
       Potion            |       |     1 |     2 |     1 |     6 |     3 ||    13
 Stab: Paralysed         |       |     6 |     1 |       |     1 |       ||     8
       Distracted        |       |       |       |     1 |     2 |     1 ||     4
       Invisible         |       |       |       |       |     7 |       ||     7
       Confused          |       |       |       |       |     3 |       ||     3
  Eat: Chunk             |     4 |     3 |    13 |    10 |    33 |     4 ||    67
       Ration            |       |       |       |     3 |     2 |       ||     5
Armor: Robe              |    83 |    27 |    54 |    24 |       |       ||   188
       Troll leather arm |       |       |       |    37 |       |       ||    37
       Quicksilver drago |       |       |       |    46 |   301 |    42 ||   389
Dodge: Dodged            |    76 |    30 |   148 |   291 |   696 |   109 ||  1350
Block: Other             |       |       |    14 |    25 |    79 |       ||   118
       Reflection        |       |       |     1 |       |     5 |       ||     6

Vault maps used:
D:1:      lemuel_arrival_tunnels, minmay_misc_feat_encased
D:2:      first_ration
D:3:      gammafunk_ghost_stat_death
D:4:      nicolae_overflow_quartered_altars, kiku_gazebo_garden_becter,
          minmay_temple_entry_large_hall, portal_sewer_entry_d, uniq_robin,
          uniq_edmund
D:5:      nicolae_tso_carved_into_rock
D:6:      nicolae_ru_sacrificial_ziggurat, serial_shops, shop
D:7:      old_standard_altar, serial_shops, shop, grunt_livestock,
          uniq_crazy_yiuf_cottage
D:8:      serial_shops, shop, nicolae_elemental_shop
D:9:      orc_0_dummy, uniq_harold
D:10:     due_lair_maze_entry_diamond
D:13:     david_vaults_4
D:14:     minivault_25, hangedman_incinerator
D:15:     hangedman_slaughterboxes, serial_shops
Lair:1:   serial_bayou_shore_b, lemuel_fruit_tree, grunt_megastairs_1
Lair:2:   cheibrodos_lair_river_kwai, small_statue_intersection
Lair:3:   swamp_mist
Lair:4:   spider_nest_entry_webs
Lair:5:   slime_dummy, beast_lair_carwin_4, infiniplex_staircase_pool
Lair:6:   minmay_lair_end_frog_pond, gammafunk_ghost_grave
Spider:1: spider_trap, guppyfry_spider_mini_2
Orc:1:    portal_ice_cave_entry_pillars_1, led_sif_book
Orc:2:    grunt_orc_cross, serial_shops, shop, uniq_rupert
Sewer:    sewer_the_crocodile

Table legend:
 A = Turns spent in this place as a percentage of turns spent in the entire game.
 B = Non-inter-level travel turns spent in this place as a percentage of non-inter-level travel turns spent in the entire game.
 C = Inter-level travel turns spent in this place as a percentage of turns spent in this place.
 D = Turns resting spent in this place as a percentage of non-inter-level travel turns spent in this place.
 E = Turns spent auto-exploring this place as a percentage of non-inter-level travel turns spent in this place.
 F = Non-inter-level travel turns spent in this place divided by the number of levels of this place that you've seen.
                   A       B       C       D       E      F
               +-------+-------+-------+-------+-------+----------------------
         Total | 100.0 | 100.0 |   7.3 |  22.3 |  50.5 | 957.5
       Dungeon |  62.0 |  61.2 |   8.4 |  21.8 |  50.4 | 977.4
          Lair |  28.2 |  28.7 |   5.5 |  23.1 |  54.1 | 1146.7
   Spider Nest |   0.0 |   0.0 |   0.0 |   0.0 |   0.0 |   7.0
  Orcish Mines |   9.2 |   9.4 |   5.4 |  24.2 |  41.9 | 1126.5
         Sewer |   0.5 |   0.6 |   0.0 |   8.8 |  21.9 | 137.0
               +-------+-------+-------+-------+-------+----------------------

Table legend:
 A = Kills in this place as a percentage of kills in entire the game.
 B = Kills by you in this place as a percentage of kills by you in the entire game.
 C = Kills by friends in this place as a percentage of kills by friends in the entire game.
 D = Other kills in this place as a percentage of other kills in the entire game.
 E = Experience gained in this place as a percentage of experience gained in the entire game.
 F = Experience gained in this place divided by the number of levels of this place that you have seen.
                   A       B       C       D       E      F
               +-------+-------+-------+-------+-------+----------------------
         Total | 100.0 | 100.0 | 100.0 | 100.0 | 100.0 | 5741.5
       Dungeon |  63.6 |  63.8 |  66.7 |  40.0 |  56.3 | 5391.6
          Lair |  25.7 |  25.7 |  33.3 |  20.0 |  33.9 | 8116.8
  Orcish Mines |   9.8 |   9.7 |   0.0 |  40.0 |   9.6 | 6923.0
         Sewer |   0.8 |   0.8 |   0.0 |   0.0 |   0.1 | 117.0
               +-------+-------+-------+-------+-------+----------------------
